 Dungeon Crawl Stone Soup version 0.30-a0-575-g6f4a10e2d2 (webtiles) character file.

Game seed: 3344177830346778233

1684 M4edhros the Sneak (level 9, -8/59 HPs)
             Began as an Octopode Artificer on Dec 30, 2022.
             Was a Follower of Cheibriados.
             Mangled by a gnoll
             ... wielding a +1 spear of distortion
             ... led by a gnoll bouda
              (14 damage)
             ... on level 6 of the Dungeon.
             The game lasted 00:08:27 (4297 turns).

M4edhros the Sneak (Octopode Artificer)             Turns: 4297, Time: 00:08:27

Health: -8/59      AC:  1    Str: 14    XL:     9   Next: 2%
Magic:  9/9        EV: 21    Int: 15    God:    Cheibriados [*.....]
Gold:   211        SH:  0    Dex: 18    Spells: 8/8 levels left

rFire   . . .      SeeInvis .    f - +2 dagger (venom)
rCold   . . .      Faith    .    (no shield)
rNeg    . . .      Spirit   .    (helmet restricted)
rPois   .          Reflect  .    (no amulet)
rElec   .          Harm     .    k - +5 ring of evasion
rCorr   +          Rampage  .    r - ring of resist corrosion
Will    .....                    (no ring)
Stlth   +++++                    (no ring)
HPRegen 0.29/turn                (no ring)
MPRegen 0.11/turn                (no ring)
                                 (no ring)
                                 (no ring)

@: mighty, brilliant, on berserk cooldown, slowed, very slow
A: almost no armour, amphibious, 8 rings, camouflage 1, gelatinous body 1,
(nimble swimmer 1), tentacles
a: Renounce Religion, Bend Time


You were on level 6 of the Dungeon.
You worshipped Cheibriados.
Cheibriados was aware of your devotion.
You visited 2 branches of the dungeon, and saw 7 of its levels.

You collected 211 gold pieces.

Inventory:

Hand Weapons
 f - a +2 dagger of venom (weapon)
Missiles
 w - 3 poisoned darts
Jewellery
 k - a +5 ring of evasion (left tentacle)
 r - a ring of resist corrosion (right tentacle)
 u - an amulet of regeneration
Wands
 b - a wand of flame (19) (quivered)
 c - a wand of charming (6)
 d - a wand of iceblast (3)
 y - a wand of acid (6)
Scrolls
 e - 6 scrolls of identify {unknown}
 g - a scroll of blinking {unknown}
 h - a scroll of poison {unknown}
 l - a scroll of teleportation {unknown}
 m - 2 scrolls of immolation {unknown}
 s - a scroll of vulnerability {unknown}
 t - a scroll of magic mapping {unknown}
Potions
 a - a potion of resistance {unknown}
 i - a potion of flight {unknown}
 j - a potion of berserk rage
 n - 3 potions of mutation {unknown}
 q - a potion of might


   Skills:
 + Level 4.4 Fighting
 + Level 5.1 Dodging
 + Level 6.6 Stealth
 * Level 6.3 Unarmed Combat
 + Level 5.8 Evocations


You had 8 spell levels left.
You didn't know any spells.
Your spell library contained the following spells:

 Spells                   Type           Power      Damage    Failure   Level
 Freeze                   Ice            0%         1d3       26%         1
 Cigotuvi's Dreadful Rot  Necr/Pois/Air  0%         N/A       38%         2
 Poisonous Vapours        Pois/Air       0%         N/A       38%         2
 Frozen Ramparts          Ice            0%         1d1       63%         3
 Hailstorm                Conj/Ice       0%         3d3       63%         3
 Mephitic Cloud           Conj/Pois/Air  0%         N/A       63%         3


Dungeon Overview and Level Annotations

Branches:
Dungeon (6/15)             Temple (1/1) D:4

Altars:
Ashenzari
Cheibriados
Elyvilon
Gozag
Hepliaklqana
Kikubaaqudgha
Nemelex Xobeh
Okawaru
Qazlal
Uskayaw
Wu Jian
Yredelemnul
Zin
The Shining One

Shops:
D:1 (

Annotations:
D:3 2 transporters, anet's ghost, amateur DjHW
D:4 1 exclusion
Temple 2 transporters


Innate Abilities, Weirdness & Mutations

You cannot wear most types of armour.
You are amphibious.
You can wear up to eight rings at the same time.
Your skin changes colour to match your surroundings (Stealth+).
Your rubbery body absorbs attacks. (AC +1, EV +1)
((You are camouflaged when in or above water. (Stealth+)))
You have tentacles for arms and can constrict up to eight enemies at once.


Message History

The gnoll bouda hits you with a +0 whip!
The gnoll throws a throwing net.
The throwing net closely misses you.
You barely miss the gnoll bouda. Your grab misses the gnoll bouda.
The gnoll bouda hits you with a +0 whip.
The gnoll misses you.
You hit the gnoll bouda.
The gnoll bouda is poisoned.
Your grab misses the gnoll bouda. You tentacle-slap the gnoll bouda.
You squeeze the gnoll bouda.
The gnoll bouda is heavily wounded.
The gnoll bouda hits you with a +0 whip!
The gnoll barely misses you.
You barely miss the gnoll bouda. Your grab misses the gnoll bouda.
The gnoll bouda is heavily wounded.
The gnoll bouda completely misses you. The gnoll misses you.
You hit the gnoll bouda. You grab the gnoll bouda.
The gnoll bouda is severely wounded.
You are no longer berserk.
You are exhausted.
You feel yourself slow down.
You constrict the gnoll bouda, but do no damage.
The gnoll bouda hits you with a +0 whip!
The gnoll closely misses you.
You puncture the gnoll bouda!
You kill the gnoll bouda!
Cheibriados thoroughly appreciates the change of pace.
The gnoll hits you from afar with a +0 halberd!
* * * LOW HITPOINT WARNING * * *
The gnoll hits you with a +0 flail!
* * * LOW HITPOINT WARNING * * *
The gnoll misses you.
Okay, then.
Aiming: Charm
Press: ? - help, Shift-Dir - straight line The gnoll struggles to resist.
The gnoll is no longer moving quickly. x2
The gnoll barely misses you. The gnoll hits you with a +0 flail.
* * * LOW HITPOINT WARNING * * *
The gnoll hits you from afar with a +1 spear of distortion.
* * * LOW HITPOINT WARNING * * *
Space warps horribly around you!
You die...

#.#...#. ....
###.........gg#
......... ..g.#
##........g...# #
#.......#g...
###.####......g..#
... ...#....##g#####
.## ##.#..#.##gg...#
..#.##..........@..#
.)..##............(#
..####......##.^...#
.#####......##.....#
.............#######
######.##.##.# #
#.##.##.## #
#.##.....# ##
#.#####..##.#


You could see 4 gnolls.

Vanquished Creatures
  Pikel (D:6)
  A water moccasin (D:5)
  An orc warrior (D:6)
  Duvessa (D:5)
  An ice beast (D:5)
  A black bear (D:6)
  An ogre (D:5)
  2 phantoms (D:5)
  A scorpion (D:5)
  Dowan (D:5)
  A howler monkey (D:4)
  A gnoll bouda (D:6)
  A hound (D:5)
  A jelly (D:6)
  3 orc priests
  3 orc wizards (D:5)
  8 adders
  A gnoll (D:1)
  2 ufetubi
  3 dart slugs
  20 orcs
  8 bats
  2 endoplasms
  2 giant cockroaches (D:3)
  7 goblins
  4 hobgoblins
  2 jackals (D:1)
  4 quokkas
  5 ball pythons
  A frilled lizard (D:1)
  3 kobolds
  3 rats
  A butterfly (D:4)
97 creatures vanquished.

Vanquished Creatures (collateral kills)
  A hound (D:6)
  An orc priest (D:3)
  A white imp (D:6)
  2 orcs
5 creatures vanquished.

Vanquished Creatures (others)
  A shadow (D:6)
  An orc wizard (D:4)
  2 orcs (D:6)
  3 toadstools (D:6)
7 creatures vanquished.

Grand Total: 109 creatures vanquished

Notes
Turn   | Place    | Note
-------+----------+-------------------------------------------
     0 | D:1      | M4edhros the Octopode Artificer began the quest for the
                  | Orb.
     0 | D:1      | Reached XP level 1. HP: 13/13 MP: 1/1
    62 | D:3      | Found an ancient bone altar of Kikubaaqudgha.
   153 | D:3      | Reached skill level 1 in Unarmed Combat
   153 | D:3      | Reached XP level 2. HP: 11/18 MP: 2/2
   250 | D:3      | Noticed a phantom
   295 | D:3      | Found a transporter.
   296 | D:3      | Noticed anet's ghost (amateur DjHW)
   303 | D:3      | Found a transporter.
   327 | D:3      | Reached XP level 3. HP: 23/23 MP: 3/3
   411 | D:4      | Found a hide-covered altar of Uskayaw.
   504 | D:4      | Noticed a phantom
   507 | D:4      | Reached XP level 4. HP: 28/29 MP: 4/4
   634 | D:4      | Found a staircase to the Ecumenical Temple.
   639 | D:4      | Reached XP level 5. HP: 19/34 MP: 5/5
   646 | Temple   | Entered the Ecumenical Temple
   646 | Temple   | Found a transporter.
   646 | Temple   | Found a transporter.
   648 | Temple   | Found a transporter.
   648 | Temple   | Found a transporter.
  1076 | D:3      | Reached XP level 6. HP: 11/40 MP: 6/6
  1331 | D:1      | Found Arphah's Weapon Emporium.
  1918 | D:2      | Found a faded altar of an unknown god.
  2822 | D:5      | Entered Level 5 of the Dungeon
  2871 | D:5      | Noticed a water moccasin
  2875 | D:5      | Reached XP level 7. HP: 29/45 MP: 7/7
  3261 | D:5      | Found a snail-covered altar of Cheibriados.
  3269 | D:5      | Became a worshipper of Cheibriados the Contemplative
  3395 | D:5      | Found an opulent altar of Gozag.
  3587 | D:5      | Found an iron altar of Okawaru.
  3587 | D:5      | Noticed Dowan
  3590 | D:5      | Noticed Duvessa
  3597 | D:5      | Killed Duvessa
  3598 | D:5      | Reached skill level 5 in Stealth
  3598 | D:5      | Reached skill level 5 in Evocations
  3598 | D:5      | Reached XP level 8. HP: 35/52 MP: 8/8
  3610 | D:5      | Killed Dowan
  3611 | D:5      | Reached skill level 5 in Unarmed Combat
  4235 | D:6      | Noticed a shadow
  4239 | D:6      | Noticed Pikel
  4252 | D:6      | Killed Pikel
  4252 | D:6      | Reached * piety under Cheibriados
  4253 | D:6      | Reached skill level 5 in Dodging
  4253 | D:6      | Reached XP level 9. HP: 47/59 MP: 9/9
  4297 | D:6      | Mangled by a gnoll

Illustrated notes

Levels and vault maps discovered:
D:1:      lemuel_arrival_hallway, layout_basic, serial_shops,
          nicolae_shop_bloodbath_and_beyond, serial_bayou_crossing
D:2:      minmay_chambers_of_ones, layout_basic, ebering_ecumenical_altar_mist,
          minmay_misc_feat_columns
D:3:      minmay_wonky_spiral, layout_loops_corners, marbit_many_paths,
          gammafunk_ghost_mausoleum
D:4:      layout_loops_ring, nicolae_overflow_hidden_temple,
          minmay_temple_entry_butterflies
D:5:      layout_basic, okawaru_gym_becter, lemuel_tele_altar,
          kennysheep_slug_shrine, serial_demonic, serial_demonic_f,
          serial_demonic_f, serial_demonic_c, serial_demonic_c,
          chequers_serial_rivers_large_a, uniq_duvessa
D:6:      layout_loops_cross, lemuel_crystal_altar, mainiacjoe_overflow_catwalk,
          nicolae_stop_n_shop_2, minmay_gold_behind_fungi,
          lemuel_flamethrower_2, uniq_pikel
Temple:   hellmonk_temple_divided_pantheon

Skill      XL: |  1  2  3  4  5  6  7  8 |
---------------+-------------------------+-----
Unarmed Combat | 1 2 3 4 6 |  6.3
Stealth        | 2 3 4 5 6 |  6.6
Fighting       | 2 3 4 |  4.4
Dodging        | 3 4 5 |  5.1
Evocations     | 4 5 |  5.8

Action                   |  1- 3 |  4- 6 |  7- 9 || total
-------------------------+-------+-------+-------++-------
Melee: Unarmed           |     8 |       |       ||     8
       Dagger            |    20 |   127 |    81 ||   228
       Tentacles         |     8 |    27 |    25 ||    60
       Constrict         |     8 |    33 |    15 ||    56
       Punch             |       |     3 |     4 ||     7
Evoke: Wand              |     1 |     7 |     9 ||    17
  Use: Potion            |       |     1 |     9 ||    10
 Stab: Sleeping          |     5 |    10 |     3 ||    18
       Distracted        |     1 |       |       ||     1
       Betrayed ally     |       |       |     1 ||     1
Armor: Skin              |     3 |     1 |     6 ||    10
Dodge: Dodged            |    26 |    99 |    97 ||   222

Table legend: (Time is in decaauts)
 A = Elapsed time spent in this place.
 B = Non-inter-level travel time spent in this place.
 C = Inter-level travel time spent in this place.
 D = Time resting spent in this place.
 E = Time spent auto-exploring this place.
 F = Levels seen in this place.
 G = Mean time per level.
                   A        B        C        D        E       F      G
               +--------+--------+--------+--------+--------+-----+--------+
         Total |   4462 |   4252 |    210 |     10 |   3309 |   7 |  637.4 |
       Dungeon |   4430 |   4230 |    200 |     10 |   3309 |   6 |  738.3 |
        Temple |     31 |     21 |     10 |      0 |      0 |   1 |   31.0 |
               +--------+--------+--------+--------+--------+-----+--------+

Top non-repeatable levels by time:
     D:5: 1200 daAuts
     D:3: 1055 daAuts
     D:4: 763 daAuts
     D:2: 501 daAuts
     D:1: 468 daAuts
     D:6: 441 daAuts
  Temple: 31 daAuts
